 Dungeon Crawl Stone Soup version 0.27-a0-445-gbe96e517c0 (webtiles) character file.

Game seed: 2575891858898089066

50 Chiseanne the Covered (level 3, -1/28 HPs)
             Began as a Demonspawn Wanderer on Feb 27, 2021.
             Slain by Natasha (6 damage)
             ... on level 2 of the Dungeon.
             The game lasted 00:01:00 (929 turns).

Chiseanne the Covered (Demonspawn Wanderer)          Turns: 929, Time: 00:01:00

Health: -1/28      AC:  5    Str: 15    XL:     3   Next: 55%
Magic:  3/3        EV: 11    Int: 10    God:
Gold:   56         SH:  0    Dex: 13    Spells: 2/2 levels left

rFire    . . .     SeeInvis .   a - +2 dagger
rCold    . . .     Faith    .   (no shield)
rNeg     . . .     Spirit   .   e - +0 ring mail
rPois    .         Reflect  .   (no helmet)
rElec    .         Harm     .   (no cloak)
rCorr    .         Rampage  .   (no gloves)
Will     .....                  (no boots)
Stlth    +.........             (no amulet)
HPRegen  0.09/turn              (no ring)
MPRegen  0.08/turn              (no ring)

@: no status effects
A: spiny 1, demonic magic 1
a: no special abilities


You were on level 2 of the Dungeon.
You visited 1 branch of the dungeon, and saw 2 of its levels.

You collected 56 gold pieces.

Inventory:

Hand Weapons
 a - a +2 dagger (weapon)
 c - a +0 hand crossbow
Missiles
 d - 21 bolts
 f - a throwing net (quivered)
 g - 12 poisoned darts
 h - 36 arrows
 l - 3 javelins
 m - 11 stones
 q - 7 atropa-tipped darts
 s - 19 sling bullets
Armour
 e - a +0 ring mail (worn)
Scrolls
 i - a scroll of immolation {unknown}
 n - a scroll of enchant weapon {unknown}
 o - a scroll of fog {unknown}
 p - a scroll of identify {unknown}
Potions
 b - a potion of haste
 j - a potion of curing {unknown}
 k - a potion of ambrosia {unknown}
 r - a potion of berserk rage {unknown}


   Skills:
 * Level 2.7 Fighting
 - Level 1.0 Crossbows
 * Level 3.2 Armour
 * Level 1.5 Dodging
 - Level 2.6 Stealth
 - Level 1.0 Evocations


You had 2 spell levels left.
You didn't know any spells.
Your spell library was empty.

Dungeon Overview and Level Annotations

Branches:
Dungeon (2/15)

Altars:

Annotations:
D:2 Natasha


Innate Abilities, Weirdness & Mutations

You are partially covered in sharp spines.
Spells you cast may paralyse adjacent enemies.


Message History

You feel disoriented. The white imp gestures at you.
The puff of frost misses you.
You hit the white imp but do no damage.
The white imp is lightly wounded.
The white imp gestures at you. The puff of frost misses you.
You hit the white imp.
The white imp is moderately wounded.
The crimson imp sputters.
The white imp misses you.
You hit the white imp but do no damage.
The white imp is moderately wounded.
Natasha casts a spell.
The white imp gestures at you. The puff of frost hits you!
You barely miss the white imp.
The white imp is moderately wounded.
The white imp hits you. The white imp freezes you.
You hit the white imp.
The white imp is heavily wounded.
The white imp hits you but does no damage.
You barely miss the white imp.
The white imp is heavily wounded.
The white imp hits you but does no damage.
You hit the white imp but do no damage.
The white imp is heavily wounded.
The iron imp puffs mist at you. The white imp is struck by your spines.
The white imp hits you but does no damage.
You hit the white imp.
The white imp is almost dead.
The white imp hits you but does no damage.
You hit the white imp.
You kill the white imp!
Natasha is struck by your spines. Natasha claws you.
* * * LOW HITPOINT WARNING * * *
You barely miss Natasha.
Natasha is moderately wounded.
Natasha claws you.
You die...

#...# #.# #.#
#...# #.# #.#
##..# ###.# #.#
#..#
#...#####.# #..
#.#.......#
#.#.#####.#
#.#.# #.# #.#[#
#.# #@#.# #.#
#h#.# #.# #5#.#
#.# #5#.# #.#
#........h.5.
#..K###.#.#####
## #.#.# ..# #
###


You could see an iron imp (summoned), Natasha and a crimson imp (summoned).

Vanquished Creatures
  A worker ant (D:2)
  An adder (D:2)
  A leopard gecko (D:2)
  4 bats (D:1)
  A giant cockroach (D:2)
  A hobgoblin (D:1)
  3 frilled lizards
  2 goblins (D:1)
  3 kobolds (D:1)
  3 rats
20 creatures vanquished.

Notes
Turn   | Place    | Note
-------+----------+-------------------------------------------
     0 | D:1      | Chiseanne the Demonspawn Wanderer began the quest for the
                  | Orb.
     0 | D:1      | Chiseanne set off with the following items: a +2 dagger, a
                  | potion of haste, a +0 hand crossbow, 21 bolts, a +0 ring
                  | mail
     0 | D:1      | Reached XP level 1. HP: 16/16 MP: 1/1
   455 | D:1      | Gained mutation: You are partially covered in sharp spines.
                  | [demonic ancestry]
   455 | D:1      | Reached XP level 2. HP: 22/22 MP: 2/2
   695 | D:2      | Reached skill level 3 in Armour
   695 | D:2      | Reached skill level 1 in Dodging
   695 | D:2      | Gained mutation: Spells you cast may paralyse adjacent
                  | enemies. [demonic ancestry]
   695 | D:2      | Reached XP level 3. HP: 22/28 MP: 3/3
   911 | D:2      | Noticed Natasha
   929 | D:2      | Slain by Natasha

Illustrated notes

Levels and vault maps discovered:
D:1:      heliophobic_arrival_ceremonial_halls, layout_basic
D:2:      layout_loops_ring, uniq_natasha

Skill      XL: |  1  2 |
---------------+-------+-----
Armour         | 3 |  3.2
Dodging        | 1 |  1.5
Fighting       | |  2.7
Crossbows      | |  1.0
Stealth        | |  2.6
Evocations     | |  1.0

Action                   || total
-------------------------++-------
Melee: Dagger            ||    58
 Stab: Sleeping          ||     4
Armor: Ring mail         ||    19
Dodge: Dodged            ||    33

Table legend: (Time is in decaauts)
 A = Elapsed time spent in this place.
 B = Non-inter-level travel time spent in this place.
 C = Inter-level travel time spent in this place.
 D = Time resting spent in this place.
 E = Time spent auto-exploring this place.
 F = Levels seen in this place.
 G = Mean time per level.
                   A        B        C        D        E       F      G
               +--------+--------+--------+--------+--------+-----+--------+
         Total |    928 |    915 |     13 |    221 |    560 |   2 |  464.0 |
       Dungeon |    928 |    915 |     13 |    221 |    560 |   2 |  464.0 |
               +--------+--------+--------+--------+--------+-----+--------+

Top non-repeatable levels by time:
     D:1: 680 daAuts
     D:2: 248 daAuts
